Map: Equilibrium LE

Players

demzi

  • Race: Zerg Zerg
  • Spawn Location: 1:00

Daisuki - Winner!

  • Race: Terran Terran
  • League: Bronze
  • Spawn Location: 11:00

VOD

Have the link to the VOD?

Description

Time

  • Played on: March 21, 2024, 12:21 p.m.
  • Length: 26:19
Show
View Real Time Build Order
Export as new Build Order

demzi Zerg 

Build Orders: Hatch First 

Get SALT Encoding   

  12  0:00  Drone  
  13  0:13  Overlord  
  13  0:16  Drone  
  14  0:31  Drone x2  
  16  0:49  Hatchery  
  15  0:52  Drone  
  15  0:56  Drone  
  17  0:59  Drone  
  18  1:12  Extractor  
  18  1:16  Spawning Pool  
  16  1:19  Drone  
  16  1:22  Drone  
  18  1:28  Drone  
  19  1:39  Drone  
  20  1:51  Overlord  
  20  2:03  Queen x2  
  20  2:04  Zergling x4  
  26  2:11  Drone  
  26  2:12  Drone  
  28  2:22  Metabolic Boost  
  28  2:27  Drone  
  28  2:28  Drone  
  30  2:38  Drone x2  
  32  2:53  Queen  
  32  2:55  Hatchery  
  32  2:56  Drone  
  34  3:00  Overlord  
  34  3:04  Overlord  
  32  3:25  Drone  
  32  3:26  Drone x8  
  41  3:33  Queen  
  43  3:41  Zergling x4  
  43  3:47  Extractor  
  44  3:49  Zergling x4, Extractor  
  44  3:51  Zergling x4  
  47  3:59  Drone x3  
  47  4:00  Drone x2  
  47  4:02  Overlord  
  52  4:08  Queen  
  54  4:11  Evolution Chamber  
  54  4:12  Evolution Chamber  
  52  4:18  Drone  
  52  4:20  Overlord  
  52  4:21  Overlord  
  52  4:22  Drone x3  
  56  4:43  Baneling Nest  
  56  4:45  Drone x9  
  64  5:00  Drone x7  
  71  5:08  Zerg Melee Weapons Level 1  
  71  5:09  Zerg Ground Armor Level 1  
  71  5:13  Lair  
  59  5:22  Queen  
  59  5:25  Zergling x16  
  58  5:39  Drone x3  
  58  5:40  Drone x3  
  58  5:41  Drone  
  55  5:54  Drone x4  
  57  6:18  Drone x4  
  61  6:19  Drone x2  
  61  6:20  Drone x4  
  61  6:21  Drone  
  61  6:23  Drone x2  
  70  6:25  Extractor  
  70  6:28  Extractor  
  68  6:33  Overlord  
  68  6:36  Overlord  
  68  6:41  Hatchery  
  68  6:45  Drone x3  
  68  6:46  Zergling x2, Roach Warren  
  70  6:47  Zergling x2  
  70  6:50  Centrifugal Hooks  
  71  6:55  Drone x3  
  71  6:56  Drone  
  71  6:57  Drone  
  71  6:58  Drone  
  77  7:03  Drone  
  77  7:04  Drone x3  
  77  7:05  Zergling x2  
  77  7:06  Zergling x2  
  83  7:12  Zerg Missile Weapons Level 1  
  83  7:13  Zerg Ground Armor Level 2  
  83  7:21  Overlord x2  
  83  7:23  Overlord  
  83  7:24  Infestation Pit  
  83  7:26  Overlord  
  83  7:28  Glial Reconstitution  
  84  7:51  Roach x2  
  84  7:52  Roach x10  
  84  7:57  Overlord x3  
  104  8:11  Roach x9  
  105  8:25  Roach x6  
  108  8:35  Queen  
  108  8:39  Drone x4  
  108  8:40  Drone  
  109  8:55  Overseer  
  109  8:58  Roach  
  109  8:59  Roach x6  
  123  9:06  Drone x5  
  125  9:29  Roach x5  
  135  9:38  Overlord x3  
  135  9:49  Overlord x4  
  135  9:51  Zergling x2  
  136  9:57  Overlord x4  
  135  10:30  Roach  
  135  10:31  Roach x12  
  157  10:53  Drone x10  
  146  11:17  Drone  
  145  11:18  Drone x2  
  145  11:19  Drone x2  
  145  11:22  Drone, Queen  
  152  11:33  Queen  
  152  11:37  Hatchery  
  153  11:45  Hydralisk Den  
  93  12:03  Zergling x2  
  93  12:04  Zergling x16  
  94  12:17  Zergling x10  
  99  12:30  Baneling  
  99  12:31  Baneling x17  
  99  12:33  Extractor, Zerg Missile Weapons Level 2  
  99  12:34  Extractor, Zerg Melee Weapons Level 2  
  97  12:38  Zergling x2  
  97  12:39  Zergling x8  
  97  12:42  Muscular Augments  
  102  12:44  Tunneling Claws  
  102  12:51  Drone x3  
  105  12:52  Drone x3  
  105  12:54  Drone  
  105  12:55  Drone x2  
  105  12:57  Roach  
  113  13:06  Roach x2  
  113  13:07  Queen  
  119  13:14  Roach x4  
  119  13:15  Zergling x4, Roach x2  
  133  13:20  Baneling x3  
  133  13:21  Baneling x13  
  133  13:23  Roach  
  133  13:24  Roach  
  133  13:25  Roach  
  139  13:27  Roach  
  139  13:29  Roach  
  139  13:30  Hatchery  
  142  13:35  Queen  
  144  13:46  Grooved Spines  
  144  14:07  Hydralisk x3  
  144  14:08  Hydralisk x7  
  149  14:30  Hydralisk x10  
  149  14:31  Hydralisk x5  
  154  14:36  Queen  
  151  14:59  Roach  
  139  15:00  Roach x7  
  139  15:18  Swarm Host x8  
  139  15:19  Swarm Host x2  
  169  15:24  Zergling x2  
  169  15:25  Zergling x8  
  172  15:45  Zergling x2  
  172  15:46  Zergling x34  
  178  16:37  Roach  
  178  16:38  Zergling x2, Roach x2  
  178  16:39  Zergling x14  
  190  16:40  Zergling x2  
  190  16:41  Baneling  
  190  16:42  Baneling x15  
  151  17:32  Swarm Host x7  
  172  17:39  Drone x4  
  172  17:42  Hydralisk x4  
  172  17:43  Hydralisk x8  
  172  17:44  Hydralisk  
  190  18:19  Zergling x2  
  191  18:20  Zergling x16  
  148  19:20  Zergling x2  
  148  19:21  Zergling x8, Roach  
  148  19:22  Roach x9  
  171  19:33  Zergling x2  
  171  19:34  Zergling x6  
  147  19:56  Overseer x2  
  144  20:18  Hydralisk x10, Roach x2  
  168  20:22  Queen  
  165  20:33  Roach  
  165  20:34  Roach x3  
  162  20:38  Queen  
  162  20:40  Queen  
  148  20:50  Roach  
  148  20:51  Roach x4  
  156  21:25  Hydralisk x4, Roach x9  
  117  22:25  Roach x14  
  117  22:26  Roach x3  
  127  22:45  Roach x3  
  127  22:46  Roach x2  
  133  23:02  Hydralisk x7  
  139  23:21  Roach x8  
  139  23:25  Ravager  
  156  23:36  Overlord x3  
  156  23:39  Overseer x4  
  136  24:02  Roach  
  114  24:03  Roach x7  
  122  24:11  Zergling x2  
  81  25:02  Hydralisk  
Show
View Real Time Build Order
Export as new Build Order

Daisuki Terran - Winner!

Build Orders: Liberator Opening 

Get SALT Encoding   

  12  0:00  SCV  
  13  0:12  SCV  
  14  0:18  Supply Depot  
  14  0:25  SCV  
  15  0:40  SCV  
  15  0:41  Barracks  
  16  0:51  Refinery  
  16  0:52  SCV  
  17  1:04  SCV  
  18  1:16  SCV  
  19  1:28  SCV  
  19  1:31  Supply Depot  
  20  1:47  Orbital Command  
  20  1:50  Barracks Reactor  
  20  2:01  Command Center  
  20  2:15  Factory  
  20  2:16  SCV  
  21  2:23  Bunker  
  21  2:26  Marine x2  
  21  2:28  SCV  
  24  2:37  Refinery  
  24  2:40  SCV  
  25  2:44  Marine x2  
  27  2:55  SCV  
  27  2:56  Supply Depot  
  28  3:03  Starport  
  28  3:22  Orbital Command, Supply Depot  
  32  3:27  Hellion x2  
  32  3:29  Barracks Tech Lab  
  32  3:31  SCV  
  33  3:40  Barracks  
  37  3:48  Hellion x2  
  37  3:50  Liberator  
  37  3:55  SCV x2  
  42  4:04  Supply Depot  
  44  4:10  Hellion  
  44  4:11  Hellion  
  44  4:13  SCV  
  44  4:15  SCV  
  48  4:24  Stimpack  
  48  4:25  Supply Depot  
  48  4:28  Barracks Reactor  
  48  4:31  SCV  
  48  4:32  SCV  
  48  4:35  Starport Reactor  
  50  4:40  Barracks  
  50  4:48  Supply Depot  
  50  4:52  Marauder  
  52  4:53  SCV x2  
  54  5:03  Supply Depot  
  54  5:04  Marine x2  
  54  5:05  SCV x2  
  56  5:22  Marine  
  47  5:43  Marauder  
  47  5:44  Barracks Reactor  
  47  5:47  Barracks  
  47  5:48  Engineering Bay  
  49  5:51  Medivac x2, Supply Depot  
  49  5:52  Engineering Bay  
  49  5:53  Widow Mine x2  
  49  5:55  SCV x2  
  59  6:07  SCV x2  
  59  6:08  Combat Shield, Refinery  
  58  6:11  Marine x2  
  58  6:12  Marine  
  58  6:14  Widow Mine  
  58  6:15  Widow Mine  
  58  6:16  Terran Infantry Weapons Level 1  
  65  6:19  SCV x2  
  65  6:21  Medivac  
  69  6:29  Marine  
  70  6:38  Barracks Reactor  
  70  6:40  Command Center, Marine x4  
  70  6:41  Supply Depot  
  70  6:45  SCV x2  
  76  6:47  Marine  
  76  6:50  Refinery  
  77  6:57  SCV x2  
  77  6:58  Marine  
  80  7:03  Marine  
  80  7:04  Marine x2  
  80  7:05  Marine  
  80  7:06  Barracks  
  80  7:07  Armory  
  80  7:08  Barracks  
  84  7:09  SCV  
  84  7:14  Marine x2  
  87  7:15  Marine  
  87  7:21  Marine x2  
  87  7:22  Marine  
  91  7:23  Marine  
  92  7:32  Marine x2  
  92  7:33  Marine  
  95  7:39  Marine x2  
  95  7:40  Marine, Marauder  
  100  7:48  Widow Mine  
  100  7:49  Marine  
  100  7:50  Marine  
  104  7:51  Marine  
  104  7:52  Supply Depot  
  104  7:57  Marine x2  
  107  7:58  Marine  
  107  8:01  Marauder  
  101  8:21  Marine x4  
  101  8:22  Marine x2  
  101  8:23  Marauder  
  109  8:27  Barracks Reactor, Barracks Tech Lab  
  105  8:39  Marine x3  
  105  8:41  Marine x3  
  109  8:44  Marauder  
  113  8:53  Terran Infantry Weapons Level 2  
  113  8:54  Terran Infantry Armor Level 1  
  113  8:57  Marine x3  
  113  8:59  Marine x3  
  119  9:06  Marauder  
  121  9:11  Liberator x2  
  121  9:12  Marauder, Marine x2  
  121  9:14  Terran Vehicle Weapons Level 1, Marine  
  121  9:15  Marine  
  133  9:18  Marine x2  
  133  9:19  Marine x2  
  133  9:20  Planetary Fortress  
  131  9:24  SCV x2  
  131  9:28  Marauder  
  133  9:58  Supply Depot  
  133  10:19  Marine x5  
  133  10:20  Marauder, SCV  
  141  10:21  Supply Depot, Marauder  
  141  10:22  Supply Depot, Marine x2  
  141  10:23  Supply Depot x2  
  141  10:24  SCV x2  
  141  10:25  Marine  
  141  10:26  Widow Mine x2  
  135  10:32  SCV  
  136  10:36  SCV x2  
  136  10:37  Marine x2  
  136  10:39  Marine  
  130  10:43  Marine  
  130  10:44  SCV, Marine x6  
  130  10:48  SCV  
  134  10:55  Marine x2  
  121  10:57  Marine  
  121  11:01  Marine x2  
  121  11:02  Marine x5  
  129  11:09  SCV x2  
  129  11:10  SCV  
  119  11:14  Supply Depot  
  119  11:15  Supply Depot  
  113  11:21  Factory, SCV x2  
  113  11:22  SCV  
  113  11:23  Command Center  
  113  11:24  Factory  
  113  11:25  Terran Infantry Armor Level 2, Terran Infantry Weapons Level 3  
  116  11:27  Starport  
  116  11:33  SCV x2  
  116  11:34  Refinery  
  118  11:42  Medivac, Widow Mine x2  
  118  11:43  Marine x2  
  118  11:44  Marine  
  127  11:49  Refinery  
  127  11:53  Marine x4  
  115  12:06  Starport Tech Lab  
  115  12:13  Factory Tech Lab  
  115  12:14  Marine, Marauder x2  
  115  12:15  Marine x6  
  126  12:35  Siege Tank  
  126  12:36  Marauder x2  
  133  12:39  Factory Tech Lab  
  133  12:40  Liberator  
  136  12:47  Orbital Command, Ghost Academy  
  136  12:57  Command Center, Widow Mine  
  136  12:58  Widow Mine  
  140  13:00  Infernal Pre-Igniter  
  140  13:02  Drilling Claws  
  140  13:07  Terran Vehicle Weapons Level 2  
  140  13:10  Concussive Shells  
  140  13:17  Siege Tank  
  140  13:18  Siege Tank  
  146  13:20  Personal Cloaking  
  146  13:27  Supply Depot  
  146  13:35  Ghost x2  
  146  13:36  Marine  
  146  13:37  Marine  
  152  13:47  Orbital Command  
  152  13:49  Siege Tank  
  155  14:07  Marine x8, Marauder x2  
  155  14:09  Siege Tank  
  153  14:24  Marine  
  153  14:25  Marine x2  
  153  14:26  Marine x5  
  153  14:28  Marauder  
  139  14:32  Marine  
  140  14:39  SCV x4  
  140  14:42  Marine  
  140  14:43  Marine x3  
  148  14:51  SCV x4  
  127  15:01  Marauder, Marine  
  127  15:02  Marine x3, Marauder  
  127  15:03  SCV  
  116  15:11  Siege Tank x2  
  120  15:14  Liberator x2  
  120  15:16  Medivac  
  120  15:18  Marine x3  
  120  15:19  Marine x2  
  120  15:20  Marine  
  134  15:23  Marauder x2  
  134  15:26  Supply Depot  
  138  15:34  Missile Turret  
  138  15:35  Missile Turret  
  138  15:36  Missile Turret  
  138  15:37  Neosteel Armor  
  138  15:38  Terran Infantry Armor Level 3  
  138  15:43  Siege Tank x2  
  138  15:46  Medivac  
  138  15:49  Planetary Fortress  
  146  15:58  Ghost x2  
  146  16:02  Refinery  
  149  16:05  Refinery  
  148  16:15  Siege Tank  
  151  16:21  Marine x4  
  151  16:22  Marine  
  155  16:26  Ghost x2  
  155  16:31  Marine x3  
  157  16:39  Marine  
  156  16:48  Marine  
  156  16:49  Marine x6  
  163  16:55  Ghost  
  163  16:56  Marauder  
  163  16:57  Marine  
  167  17:06  Marine x4  
  167  17:07  Marine x3  
  163  17:17  Marauder  
  161  17:24  Marauder  
  156  17:37  Marine x3  
  156  17:38  Marine x5  
  156  17:39  Marauder  
  156  17:40  Siege Tank x2  
  156  17:41  Medivac x3  
  156  17:44  Widow Mine x2  
  180  17:46  Marauder  
  172  17:55  Marine x4  
  176  18:00  Marauder  
  176  18:05  Command Center  
  178  18:07  Marauder  
  178  18:10  Unknown, Nuke  
  178  18:11  Viking  
  178  18:12  Siege Tank  
  185  18:20  Command Center  
  185  18:21  Marauder  
  185  18:22  Hi-Sec Auto Tracking  
  185  18:24  Terran Ship Weapons Level 1, Missile Turret  
  187  18:28  Missile Turret  
  162  19:14  Marauder, Marine  
  162  19:15  Marauder  
  162  19:16  Marine x3  
  162  19:17  Marine  
  147  19:24  Marine x3  
  145  19:31  Marine  
  145  19:34  Marine x4  
  145  19:36  Marauder x2  
  140  19:42  Marine x3  
  134  19:49  Marine  
  132  19:56  Ghost x2, Missile Turret, Marine x4  
  132  19:59  Marine  
  140  20:00  Marine x2  
  141  20:07  Marine  
  141  20:14  Marine x4  
  140  20:17  Planetary Fortress, Marine  
  140  20:18  Marine x2  
  142  20:25  Ghost x2, Marine  
  142  20:26  Terran Vehicle Weapons Level 3  
  146  20:30  Starport  
  146  20:31  Barracks, Marine  
  146  20:35  Barracks, Marine x2  
  138  20:36  Marine x4, Starport  
  138  20:37  Starport  
  138  20:40  Cyclone  
  141  20:43  Marine  
  141  20:49  Marine  
  143  20:53  Marine x2  
  143  20:54  Marauder x2, Marine x4  
  152  21:00  Marine  
  153  21:07  Marine  
  153  21:11  Marine x2  
  154  21:12  Marine  
  154  21:16  Marauder x2  
  161  21:26  Marine  
  161  21:27  Marine x4  
  161  21:29  Marine x3  
  168  21:35  Siege Tank x2  
  168  21:36  Liberator  
  168  21:37  Liberator x2, Marauder x2  
  176  21:44  Marine  
  176  21:45  Marine x3  
  174  21:58  Marauder  
  174  21:59  Marauder  
  178  22:07  Siege Tank  
  150  22:08  Marine  
  150  22:09  Marine x7  
  154  22:19  Liberator  
  154  22:20  Marauder x2  
  156  22:26  Marine x3  
  156  22:27  Marine x5  
  136  22:41  Marauder, Marine  
  136  22:44  Marine x3  
  135  22:51  Marine x5  
  135  22:54  Siege Tank x2  
  135  22:55  Medivac  
  135  22:56  Medivac  
  149  22:59  Marauder  
  149  23:02  Liberator, Marauder, Marine x3  
  149  23:03  Terran Ship Weapons Level 2  
  155  23:17  Command Center  
  155  23:21  Marauder  
  155  23:24  Marauder  
  155  23:25  Liberator  
  155  23:26  Siege Tank  
  165  23:27  Siege Tank  
  165  23:29  Medivac  
  165  23:30  Marine  
  165  23:31  Marine x7  
  178  23:42  Marauder  
  178  23:45  Marauder  
  178  23:48  Marine  
  182  23:49  Marine x6  
  176  23:58  Siege Tank, Marine  
  176  23:59  Siege Tank  
  172  24:03  Marauder  
  172  24:06  Marine x5  
  172  24:07  Marine x3  
  182  24:16  Marine  
  182  24:24  Marine x7  
  175  24:30  Siege Tank  
  185  24:31  Siege Tank  
  174  24:39  Marine x3  
  174  24:42  Marine x5  
  169  24:50  Marine  
  169  24:51  Marine  
  168  24:57  Marine x3  
  168  24:59  Marine x2  
  169  25:00  Marine x3  
  173  25:09  Marine  
  173  25:10  Marine  
  175  25:15  Marine x3  
  175  25:23  Marine x4  
  175  25:24  Marine  
  172  25:36  Marine x2  
  172  25:37  Marine x3  
  172  25:41  Marine  
  172  25:42  Marauder  
  177  26:00  Marine x3  
  177  26:01  Marine x2  
Tags
 
Add a new tag
Caveats
  • Supply blocks, unpowered buildings, or Contaminate may cause inaccurate times.
  • Supply counts are checked every 10 seconds.